 Dungeon Crawl Stone Soup version 0.29.1-2-gbd0b4ee654 (webtiles) character file.

Game seed: 3720557110734555223

36 xian the Trooper (level 3, -3/30 HPs)
             Began as a Demonspawn Abyssal Knight on Nov 17, 2022.
             Was a Believer of Lugonu.
             Slain by Natasha (4 damage)
             ... on level 2 of the Dungeon.
             The game lasted 00:02:49 (1735 turns).

xian the Trooper (Demonspawn Abyssal Knight)        Turns: 1735, Time: 00:02:49

Health: -3/30      AC:  5    Str: 13 (15) XL:     3   Next: 19%
Magic:  5/5        EV: 10    Int:  9 (11) God:    Lugonu [**....]
Gold:   90         SH:  0    Dex: 11 (13) Spells: 2/2 levels left

rFire   . . .      SeeInvis .   a - +1 short sword
rCold   . . .      Faith    .   (no shield)
rNeg    . . .      Spirit   .   h - +0 ring mail
rPois   .          Reflect  .   (helmet restricted)
rElec   .          Harm     .   (no cloak)
rCorr   .          Rampage  .   (no gloves)
Will    .....                   (no boots)
Stlth   +.........              e - amulet of magic regeneration
HPRegen 0.10/turn               (no ring)
MPRegen 0.49/turn               (no ring)

@: hasted, very quick
A: antennae 1, weakness stinger 1
a: Renounce Religion, Depart the Abyss, Bend Space


You were on level 2 of the Dungeon.
You worshipped Lugonu.
Lugonu was pleased with you.
You visited 1 branch of the dungeon, and saw 2 of its levels.
You visited the Abyss 1 time.

You collected 90 gold pieces.

Inventory:

Hand Weapons
 a - a +1 short sword (weapon)
Armour
 b - a +0 leather armour
 h - a +0 ring mail (worn)
Jewellery
 e - an amulet of magic regeneration (around neck)
Scrolls
 d - a scroll of teleportation {unknown}
 i - a scroll of vulnerability {unknown}
Potions
 f - a potion of degeneration
 g - a potion of lignification {unknown}


   Skills:
 + Level 3.7 Fighting
 + Level 2.0 Short Blades
 + Level 2.0 Armour
 + Level 1.0 Dodging
 + Level 0.1 Stealth
 * Level 3.1 Invocations


You had 2 spell levels left.
You didn't know any spells.
Your spell library contained the following spells:

 Spells                   Type           Power      Damage    Failure   Level
 Ignite Poison            Fire/Tmut/Pois 0%         N/A       95%         3
 Mephitic Cloud           Conj/Pois/Air  0%         N/A       95%         3
 Freezing Cloud           Conj/Ice/Air   0%         6-21      100%        5


Dungeon Overview and Level Annotations

Branches:
Dungeon (2/15)

Altars:

Annotations:
D:2 Natasha


Innate Abilities, Weirdness & Mutations

You have a pair of small antennae on your head.
You have a small tail.


Message History

Natasha claws you.
You completely miss Natasha.
Natasha is moderately wounded.
Natasha claws you but does no damage. The white imp barely misses you.
You hit Natasha but do no damage.
You tail-slap Natasha, but do no damage.
Natasha is moderately wounded.
Natasha claws you. The white imp hits you. The white imp freezes you.
You closely miss Natasha.
Natasha is moderately wounded.
Natasha claws you but does no damage. The white imp gestures at you.
The puff of frost hits you.
* * * LOW HITPOINT WARNING * * *
You hit Natasha.
Your tail-slap misses Natasha.
Natasha is heavily wounded.
Natasha casts a spell.
The white imp hits you.
* * * LOW HITPOINT WARNING * * *
The white imp freezes you.
* * * LOW HITPOINT WARNING * * *
It was a potion of degeneration.
There was something very wrong with that liquid.
You feel weakened.
You feel dopey.
You feel clumsy. Natasha claws you.
* * * LOW HITPOINT WARNING * * *
Unknown command.
It was a potion of haste.
You feel yourself speed up. Natasha closely misses you.
Okay, then.
You closely miss Natasha.
Natasha is heavily wounded.
Natasha barely misses you.
You completely miss Natasha.
Natasha is heavily wounded.
The crimson imp barely misses you.
You closely miss Natasha.
Natasha is heavily wounded.
Natasha claws you.
You die...

#########
##
#@h......
..
#5#######
## #5#
######.# #
#......# #
#.###### #
#.#
##########
#.#
#.........
#.#
#.########


You could see Natasha, a crimson imp (summoned) and a white imp (summoned).

Vanquished Creatures
  A dart slug (D:1)
  5 bats
  An endoplasm (D:2)
  2 giant cockroaches (D:1)
  5 goblins
  2 hobgoblins
  2 kobolds (D:1)
  4 quokkas
  2 ball pythons
  2 frilled lizards
  3 rats (D:1)
29 creatures vanquished.

Notes
Turn   | Place    | Note
-------+----------+-------------------------------------------
     0 | Abyss:1  | xian the Demonspawn Abyssal Knight began the quest for the
                  | Orb.
     0 | Abyss:1  | Reached XP level 1. HP: 18/18 MP: 2/2
     8 | Abyss:1  | Found a corrupted altar of Lugonu.
    19 | Abyss:1  | Found a corrupted altar of Lugonu.
    42 | D:1      | Escaped the Abyss
   329 | D:1      | Discovered your monstrous ancestry.
   329 | D:1      | Gained mutation: You have a small tail. [demonic ancestry]
   329 | D:1      | Reached XP level 2. HP: 23/24 MP: 4/4
   400 | D:1      | Found a faded altar of an unknown god.
  1390 | D:2      | Gained mutation: You have a pair of small antennae on your
                  | head. [demonic ancestry]
  1390 | D:2      | Reached XP level 3. HP: 23/29 MP: 5/5
  1573 | D:2      | Reached skill level 1 in Dodging
  1723 | D:2      | Noticed Natasha
  1731 | D:2      | HP: 1/30 [Natasha (2)]
  1735 | D:2      | Slain by Natasha

Illustrated notes

Levels and vault maps discovered:
D:1:      eino_arrival_cavern_a, layout_basic,
          hellmonk_ecumenical_altar_pennies_from_heaven, kennysheep_another_room
D:2:      layout_loops_ring, uniq_natasha

Skill      XL: |  1  2  3 |
---------------+----------+-----
Short Blades   | 2 |  2.0
Armour         | 2 |  2.0
Invocations    | 3 |  3.1
Dodging        | 1 |  1.0
Fighting       | |  3.7
Stealth        | |  0.1

Action                   || total
-------------------------++-------
Melee: Short sword       ||   120
       Tailslap          ||     7
Invok: Depart the Abyss  ||     1
  Use: Scroll            ||     1
       Potion            ||     2
Armor: Leather armour    ||    36
       Ring mail         ||    19
Dodge: Dodged            ||    74
